 Dungeon Crawl Stone Soup version 0.31-a0-200-gbc41564c69 (webtiles) character file.

Game seed: 5973842517685678187

70 qw the Shooter (level 4, -2/25 HPs)
             Began as a Deep Elf Hunter on June 25, 2023.
             Slain by an orc priest
             ... wielding a +0 heavy mace
              (7 damage)
             ... on level 3 of the Dungeon.
             The game lasted 00:00:32 (1412 turns).

qw the Shooter (Deep Elf Hunter)                    Turns: 1412, Time: 00:00:32

Health: -2/25      AC:  6    Str: 10    XL:     4   Next: 3%
Magic:  6/6        EV: 11    Int: 17    God:
Gold:   46         SH:  0    Dex: 18    Spells: 3/3 levels left

rFire   . . .        Y - +0 shortbow
rCold   . . .        (shield currently unavailable)
rNeg    . . .        h - +0 ring mail
rPois   .            f - +0 helmet {Int+3}
rElec   .            (no cloak)
rCorr   .            (no gloves)
SInv    .            (no boots)
Will    .....        (no amulet)
Stlth   +            (no ring)
HPRegen 0.24/turn    (no ring)
MPRegen 0.10/turn

%: no passive effects
@: no status effects
A: no striking features
a: no special abilities


You were on level 3 of the Dungeon.
You visited 1 branch of the dungeon, and saw 4 of its levels.

You collected 46 gold pieces.


   Skills:
 - Level 1.5 Fighting
 + Level 7.4 Ranged Weapons
 - Level 2.4 Dodging
 - Level 1.2 Stealth


You had 3 spell levels left.
You didn't know any spells.
Your spell library was empty.

Inventory:

Hand Weapons
 Y - a +0 shortbow (weapon)
Armour
 f - a +0 helmet of intelligence (worn)
 h - a +0 ring mail (worn)
Potions
 c - a potion of magic {unknown}
 e - a potion of heal wounds {unknown}
 g - a potion of berserk rage {unknown}
 i - a potion of haste {unknown}

Dungeon Overview and Level Annotations

Branches:
Dungeon (4/15)
 Temple: D:4-7

Altars:

Shops:
D:2 [[:(


Message History

The orc priest is heavily wounded.
The hobgoblin closely misses you.
The orc wizard mumbles some strange words.
The orc wizard flickers and vanishes!
Deactivating autopickup; reactivate with Ctrl-A.
The orc barely misses you. The hobgoblin completely misses you.
You shoot an arrow.
The arrow hits the orc priest but does no damage.
The orc priest is heavily wounded.
The orc priest calls down the wrath of Beogh upon you.
Pain shoots through your body! The orc hits you but does no damage.
The hobgoblin hits you.
An orc comes into view. It is wielding a +0 club.
You shoot an arrow.
The arrow hits the orc priest but does no damage.
The orc priest is heavily wounded.
The orc priest closely misses you. The orc barely misses you.
A gnoll comes into view. It is wielding a +0 spear.
The hobgoblin misses you.
1408 ||| Stepping ~*~*~tactically~*~*~ (outnumbered).
The orc attacks as you move away! The orc barely misses you.
The orc priest miscasts a cantrip.
You see here a bat corpse.
You shoot an arrow. The arrow hits the orc.
The orc is lightly wounded.
The orc barely misses you.
You shoot an arrow. The arrow hits the orc!
You kill the orc!
You shoot an arrow. The arrow barely misses the orc priest.
The arrow closely misses the hobgoblin.
The gnoll shouts!
The arrow hits the orc but does no damage.
You hear an angry hiss.
You hear a bark! x2; You hear a shout!
The orc priest hits you with a +0 heavy mace!
You shoot an arrow.
The arrow hits the orc priest but does no damage.
The orc priest is heavily wounded.
A frilled lizard comes into view.
The orc priest hits you with a +0 heavy mace!
You die...

### ...#
#..## l....
###..# #>..#
#@### #o#
.g....ogo.#
........#.#
......#.....
......#..
.#.
......#.##..
# ..... ..#
.. ..... $..
...


You could see 2 orc priests, an orc, a hobgoblin and a frilled lizard.

Vanquished Creatures
  Natasha (D:2)
  An orc (D:3)
  6 endoplasms
  2 giant cockroaches
  6 goblins
  2 hobgoblins (D:1)
  4 kobolds (D:1)
  3 quokkas
  4 ball pythons
  6 bats
  3 frilled lizards
  2 rats (D:1)
40 creatures vanquished.

Notes
Turn   | Place    | Note
-------+----------+-------------------------------------------
     0 | D:1      | qw the Deep Elf Hunter began the quest for the Orb.
     0 | D:1      | Reached XP level 1. HP: 12/12 MP: 3/3
     0 | D:1      | 0 ||| qw: Version: 0.3-a-22-g0ed2b0b
     0 | D:1      | 0 ||| qw: Game counter: 5574
     0 | D:1      | 0 ||| qw: Melee chars always use a shield: true
     0 | D:1      | 0 ||| qw: God list: Okawaru
     0 | D:1      | 0 ||| qw: Allow faded altars: false
     0 | D:1      | 0 ||| qw: Do Orc after clearing Dungeon:15 true
     0 | D:1      | 0 ||| qw: Do second Lair branch before Depths: true
     0 | D:1      | 0 ||| qw: Lair rune preference: random
     0 | D:1      | 0 ||| qw: Goals: Normal
     0 | D:1      | 0 ||| PLANNING D:1-11
   133 | D:1      | Reached skill level 6 in Ranged Weapons
   133 | D:1      | Reached XP level 2. HP: 16/16 MP: 4/4
   430 | D:1      | 430 ||| DROPPING +4 sling.
   592 | D:1      | Reached XP level 3. HP: 20/20 MP: 5/5
   777 | D:1      | Found a faded altar of an unknown god.
   782 | D:1      | 782 ||| UPGRADING to +0 helmet of intelligence.
   787 | D:1      | 787 ||| UPGRADING to +0 ring mail.
   797 | D:1      | 797 ||| DROPPING +0 leather armour.
   798 | D:1      | 798 ||| READING scroll labelled LARHESCH QIFFEYF.
   799 | D:1      | 799 ||| READING scroll labelled ZULOINIOTUAG.
   804 | D:1      | 804 ||| READING scroll labelled TEYDATS ERUFIH.
   805 | D:1      | 805 ||| DRINKING 2 bubbling green potions.
   836 | D:1      | 836 ||| DROPPING scroll of butterflies.
   837 | D:1      | 837 ||| DROPPING potion of lignification.
   858 | D:2      | Found Tiyluyna's Book Emporium.
   883 | D:2      | Found Ilinyja's Armour Shoppe.
   893 | D:2      | 893 ||| SHOPLISTING +0 cloak (45 gold, have 27).
   893 | D:2      | 893 ||| SHOPLISTING +0 pair of boots (45 gold, have 27).
   893 | D:2      | 893 ||| SHOPLISTING +0 pair of gloves (45 gold, have 27).
   893 | D:2      | 893 ||| SHOPLISTING +0 ring mail "Qisirr" {Slay+2} (194
                  | gold, have 27).
   893 | D:2      | 893 ||| SHOPLISTING +2 robe of the Wizarding Gods {rF+
                  | Will+ Int+4} (387 gold, have 27).
   902 | D:2      | Found Pygewe's Armour Shoppe.
   911 | D:2      | 911 ||| SHOPLISTING +0 scale mail of willpower (143 gold,
                  | have 27).
   911 | D:2      | 911 ||| SHOPLISTING +1 cloak of poison resistance (175
                  | gold, have 27).
   911 | D:2      | 911 ||| SHOPLISTING +4 scale mail of positive energy (364
                  | gold, have 27).
  1220 | D:2      | Noticed Natasha
  1228 | D:2      | Killed Natasha
  1229 | D:2      | Reached skill level 7 in Ranged Weapons
  1312 | D:2      | Found Fisuaxant's Antique Weapon Shoppe.
  1343 | D:2      | You fall into a shaft and drop 2 floors!
  1344 | D:4      | 1344 ||| READING 4 scrolls labelled REANOR UWKOO.
  1345 | D:4      | 1345 ||| READING scroll labelled PEAMOIM YDWUISS.
  1385 | D:4      | 1385 ||| READING scroll labelled VATAAN COFOE.
  1386 | D:4      | 1386 ||| DROPPING 3 scrolls of fog.
  1403 | D:3      | Reached XP level 4. HP: 25/25 MP: 6/6
  1408 | D:3      | 1408 ||| Stepping ~*~*~tactically~*~*~ (outnumbered).
  1411 | D:3      | HP: 5/25 [orc priest/+0 heavy mace (11)]
  1412 | D:3      | Slain by an orc priest

Levels and vault maps discovered:
D:1:      nicolae_arrival_somewhat_less_tricky_arrival, layout_loops_ring,
          ebering_ecumenical_altar_abandoned
D:2:      layout_loops_ring, serial_shops, nicolae_shop_crystal, shop, shop,
          shop, amethyst_killhole, uniq_natasha
D:3:      layout_rooms, minitemple
D:4:      layout_rooms, serial_glass, glass_columns_c, glass_columns_b,
          corexii_item_surrounded_by_moat, kennysheep_generic_room_4

Skill      XL: |  1  2  3 |
---------------+----------+-----
Ranged Weapons | 6 7 |  7.4
Fighting       | |  1.5
Dodging        | |  2.4
Stealth        | |  1.2

Action                     |  1- 3 |  4- 6 || total
---------------------------+-------+-------++-------
   Fire: Shortbow          |   101 |     9 ||   110
    Use: Scroll            |     6 |       ||     6
         Potion            |     1 |       ||     1
 Armour: Ring mail         |     7 |     1 ||     8
  Dodge: Dodged            |    15 |     9 ||    24

Table legend:
 A = Non-vault XP
 B = Vault XP
 C = Vault XP percentage of total XP
 D = Non-vault monster count
 E = Vault monster count
 F = Vault count percentage of total count
                 A         B        C        D         E       F
            +---------+---------+-------+---------+---------+-------
      Total |      65 |      35 |  35.0 |      39 |       1 |   2.5
            +---------+---------+-------+---------+---------+-------
        D:1 |      43 |       0 |   0.0 |      26 |       0 |   0.0
        D:2 |      15 |      35 |  70.0 |      10 |       1 |   9.1
        D:3 |       7 |       0 |   0.0 |       3 |       0 |   0.0
            +---------+---------+-------+---------+---------+-------
